 Dungeon Crawl Stone Soup version 0.14.0-25-g43f8a4e (webtiles) character file.

348739 4tharraofdagon the Wrestler (level 21, -2/184 HPs)
             Began as a Ghoul Monk on Apr 24, 2014.
             Was a High Priest of Cheibriados.
             Slain by a sphinx (5 damage)
             ... on Level 5 of the Vaults on Apr 25, 2014.
             The game lasted 03:05:24 (19649 turns).

4tharraofdagon the Wrestler (Ghoul Monk)           Turns: 19649, Time: 03:05:25

HP  -2/184       AC 33     Str 44      XL: 21   Next: 72%
MP  26/31        EV 22     Int 26      God: Cheibriados [*****.]
Gold 2141        SH 18     Dex 30      Spells:  3 memorised, 24 levels left

rFire  + . .     SeeInvis .       - Unarmed
rCold  + + .     Clarity  .     l - +8 plate armour of Rifamif {rElec rF+}
rNeg   + + +     Conserve +     c - +0 buckler {reflect}
rPois  +         rCorr    +     k - +1 helmet {Int+3}
rElec  +         rRot     +     K - +2 cloak {rCorr, Cons}
SustAb . .       Spirit   .     b - +3 pair of gauntlets of War {Acc+5 Dam+5}
rMut   .         Warding  .     (no boots)
Saprov + + +     Stasis   .     F - amulet of faith
MR     +....                    D - ring "Vuocs" {Wiz Dex+2 Int+4}
                                e - ring "Mnededgh" {rC+ Str+5 Dex+3}

@: rotting, very slow, somewhat resistant to hostile enchantments, extremely
unstealthy
A: rotting body, claws 1, carnivore 3, cold resistance 1, life protection 3,
poison resistance, saprovore 3, slow healing 1, torment resistance, unbreathing
a: Bend Time, Temporal Distortion, Slouch, Step From Time, Renounce Religion
}: 3/15 runes: decaying, abyssal, gossamer


You were on level 5 of the Vaults.
You worshipped Cheibriados.
Cheibriados was extremely pleased with you.
You were not hungry.

You visited 8 branches of the dungeon, and saw 46 of its levels.
You visited the Abyss 3 times.
You visited 1 bazaar.
You also visited: Labyrinth, Bailey and Ice Cave.

You collected 5558 gold pieces.
You spent 3417 gold pieces at shops.

Inventory:

Missiles
 m - 7 throwing nets (quivered)
Armour
 a - a +2 large shield of protection
 b - the +3 pair of gauntlets of War (worn) {Acc+5 Dam+5}
   (You found it on level 3 of the Elven Halls)

   It affects your accuracy with ranged weapons and melee attacks (+5).
   It affects your damage with ranged weapons and melee attacks (+5).
 c - a +0 buckler of reflection (worn)
 k - a +1 helmet of intelligence (worn)
 l - the +8 plate armour of Rifamif (worn) {rElec rF+}
   (You found it in an ice cave)

   It protects you from fire.
   It insulates you from electricity.
 K - a +2 cloak of preservation (worn)
 X - a +3 troll leather armour
Magical devices
 g - a wand of disintegration (16)
 i - a wand of flame (17)
 n - a wand of cold (9)
 p - a wand of digging (8)
 x - a wand of disintegration (4)
 A - a wand of digging (11)
 N - a wand of digging (7)
 V - a wand of teleportation (5)
Comestibles
 d - 7 meat rations
 r - 2 pieces of ambrosia
 w - 15 sausages
 R - 10 slices of pizza
Scrolls
 f - 4 scrolls of recharging
 t - 15 scrolls of remove curse
 C - 3 scrolls of fog
 U - 2 scrolls of blinking
 W - a scroll of identify
 Y - 6 scrolls of teleportation
 Z - a scroll of vulnerability
Jewellery
 e - the ring "Mnededgh" (left hand) {rC+ Str+5 Dex+3}
   (You found it on level 3 of the Vaults)

   [ring of protection from cold]

   It affects your strength (+5).
   It affects your dexterity (+3).
 h - an uncursed ring of fire
 j - an uncursed ring of protection from fire
 s - the ring "Ososhietto" {+Fly rF++ SInv}
   (You found it on level 4 of the Vaults)

   [ring of flight]

   It greatly protects you from fire.
   It enhances your eyesight.
 z - an uncursed ring of sustain abilities
 D - the ring "Vuocs" (right hand) {Wiz Dex+2 Int+4}
   (You bought it in a shop on level 5 of the Dungeon)

   [ring of wizardry]

   It affects your intelligence (+4).
   It affects your dexterity (+2).
 F - an amulet of faith (around neck)
 G - an uncursed ring of see invisible
 I - the ring "Baefee" {+/*Tele rPois MR++ Stlth++}
   (You took it off a deep elf annihilator on level 3 of the Elven Halls)

   [ring of teleportation]

   It protects you from poison.
   It affects your resistance to hostile enchantments.
   It makes you much more stealthy.
 L - an uncursed ring of protection from magic
 M - an uncursed ring of wizardry
 S - an uncursed ring of protection from cold
 T - an uncursed amulet of resist mutation
Potions
 v - 3 potions of brilliance
 y - 4 potions of restore abilities
 E - 5 potions of magic
 J - 6 potions of curing
 O - 2 potions of heal wounds
 Q - a potion of might
Books
 u - a book of Unlife

   Spells                             Type                      Level
   Recall                             Summoning/Translocation      3
   Animate Dead                       Necromancy                   4
   Control Undead                     Necromancy                   4
   Twisted Resurrection               Necromancy                   5
   Death Channel                      Necromancy                   6
   Simulacrum                         Ice/Necromancy               6
 P - a book of Cantrips

   Spells                             Type                      Level
   Confusing Touch                    Hexes                        1
   Animate Skeleton                   Necromancy                   1
   Summon Small Mammal                Summoning                    1
   *Apportation                       Translocation                1
Miscellaneous
 o - a phial of floods
 q - a sack of spiders {used: 5}
 B - a lamp of fire
 H - a phial of floods


   Skills:
 - Level 15.1 Fighting
 - Level 11.1 Armour
 - Level 12.1 Dodging
 - Level 2.1 Stealth
 - Level 10.3 Shields
 * Level 26.7 Unarmed Combat
 - Level 6.1 Spellcasting
 - Level 6.1 Translocations
 - Level 10.0 Invocations
 - Level 8.1 Evocations


You had 24 spell levels left.
You knew the following spells:

 Your Spells              Type           Power        Failure   Level  Hunger
a - Apportation           Tloc           #####.....   1%          1    None
b - Conjure Flame         Conj/Fire      #.......     32%         3    #......
c - Sticky Flame          Conj/Fire      #.......     85%         4    ###....


Dungeon Overview and Level Annotations

Branches:
Dungeon (15/15)            Temple (1/1) D:5             Orc (4/4) D:9
    Elf (3/3) Orc:3          Lair (8/8) D:11          Swamp (5/5) Lair:3
 Spider (5/5) Lair:4        Slime (0/6) Lair:7       Vaults (5/5) D:13
  Crypt (0/5) Vaults:3
  Blade: Vaults:3-4  Depths: D:15

Altars:
Ashenzari
Cheibriados
Dithmenos
Elyvilon
Fedhas
Makhleb
Sif Muna
Trog
Xom
Yredelemnul
Zin
Jiyva

Shops:
D:5 ?=   D:10 !   D:11 ([:   Orc:1 (   Orc:3 *   Orc:4 [}*(

Annotations:
Lair:5 exclusion: upstairs
Spider:1 Asterion, Sonja


Innate Abilities, Weirdness & Mutations

Your body is rotting away.
You have sharp fingernails.
You are carnivorous and can eat meat at any time.
Your flesh is cold resistant.
You are immune to negative energy.
Your system is resistant to poisons.
You thrive on rotten meat.
You heal slowly when monsters are visible.
You are immune to unholy pain and torment.
You can survive without breathing.


Message History

The vault sentinel blows on a signal horn!
The titan waves its arms in wide circles.
The air twists around and strikes you!
* * * LOW HITPOINT WARNING * * *
You hear a shout! x15
You hear two shouts!
You hear a shout!
You hear a shout!
Unknown command.
Use which ability? (? or * to list)
You fail to use your ability.
You block the sphinx's attack.
The sphinx hits you but does no damage. x2
The titan hits you!
* * * LOW HITPOINT WARNING * * *
Unknown command.
Unknown command.
Use which ability? (? or * to list)
Okay, then.
Use which ability? (? or * to list)
You fail to use your ability.
The sphinx barely misses you. The sphinx hits you but does no damage.
The sphinx hits you.
You die...

#####........#####
..................
........[<<[[.......
.......<[[<........
......%[<<[[(......
######..[.[(...#####
#.@##..%.([.........
#.C##..#....[.......
#..##@.###....#..#####
#D. #H.# #....#..#
.H##.H##..#....#..#
#@. #.. ..#....#..#
.9# ..## ###....#... .
#.. #....#.... .#
#....#..## #....#. ..#


You could see a titan, a sphinx, a tengu reaver and a vault sentinel.

Vanquished Creatures
  the Lernaean hydra (Swamp:5)
  3 golden dragons
  Xtahua (Vaults:3)
  A bone dragon (Abyss:4)
  Nikola (Vaults:1)
  Arachne (Spider:5)
  A lich (Abyss:3)
  A tentacled monstrosity (Vaults:4)
  An Ice Fiend (IceCv)
  2 deep elf blademasters (Elf:3)
  2 deep elf master archers (Elf:3)
  An Executioner (Abyss:1)
  5 tentacled starspawn
  3 titans
  A storm dragon (Vaults:5)
  3 sphinxes
  Rupert (Lair:3)
  Agnes (Swamp:1)
  Frances (D:15)
  2 thorn hunters
  A shadow dragon (Vaults:5)
  Donald (Vaults:1)
  2 frost giants
  8 deep elf sorcerers
  Aizul (Swamp:3)
  5 emperor scorpions
  6 ghost moths
  4 vault wardens
  A deep elf demonologist (Elf:3)
  2 war gargoyles
  7 stone giants
  9 deep elf annihilators
  A black draconian (Vaults:4)
  7 dire elephants (Abyss:4)
  3 ettins
  6 deep elf death magi
  A fire dragon (Vaults:2)
  2 great orbs of eyes
  2 minotaurs
  2 deep elf high priests
  31 vault guards
  5 yaktaur captains
  8 ironheart preservers
  A jiangshi (Vaults:3)
  Harold (Lair:2)
  22 hydras
  6 ogre magi
  Erica (D:14)
  A deep troll shaman (Vaults:4)
  A deep dwarf death knight (Vaults:3)
  A tengu warrior (D:13)
  An alligator (Swamp:1)
  3 dancing weapons
  3 death yaks (Lair:5)
  A thrashing horror (Abyss:1)
  A satyr (shapeshifter) (Vaults:1)
  6 spectral elves
  A catoblepas (Lair:7)
  4 centaur warriors
  A very ugly thing (Abyss:2)
  A sun demon (Vaults:4)
  11 deep elf knights
  A wretched star (Abyss:3)
  3 ice devils (IceCv)
  2 unseen horrors
  9 orb spiders
  The ghost of Qrupt the Thaumaturge, an experienced DEIE of Dithmenos (D:10)
  A flayed ghost (Vaults:4)
  14 large abominations
  A spriggan druid (Swamp:4)
  6 deep trolls
  11 swamp dragons (Swamp:5)
  A water nymph (Abyss:3)
  3 giant orange brains
  A lindwurm (Lair:8)
  5 ironbrand convokers
  3 ice statues (IceCv)
  5 harpies
  5 deep elf summoners (Elf:3)
  14 deep elf conjurers
  Pikel (D:8)
  9 orc knights
  8 red wasps
  5 necromancers
  4 hill giants
  4 wizards
  5 cyclopes
  An orc sorcerer (Orc:2)
  24 wolf spiders
  A frost giant zombie (D:15)
  A faun (shapeshifter) (Elf:3)
  10 vault sentinels
  7 griffons
  2 moths of wrath
  A stone giant skeleton (Vaults:4)
  3 sixfirhies
  A manticore (Lair:7)
  13 spiny frogs
  5 black mambas
  2 gargoyles
  2 orange demons (Abyss:2)
  A feature mimic (Lair:7)
  A spiny frog (shapeshifter) (Vaults:1)
  An anaconda simulacrum (IceCv)
  12 demonic crawlers
  An emperor scorpion zombie (Abyss:2)
  4 kobold demonologists
  A troll (shapeshifter) (Vaults:4)
  3 komodo dragons
  3 tengu conjurers
  4 ancient zymes
  13 trolls
  A baby alligator (shapeshifter) (Elf:1)
  3 deep elf priests
  28 yaktaurs
  A komodo dragon (shapeshifter) (D:14)
  4 giant fireflies
  A freezing wraith (Vaults:5)
  A polar bear (shapeshifter) (Vaults:3)
  6 polar bears
  11 ravens
  11 two-headed ogres
  5 giant leeches
  6 blue devils
  A blink frog (shapeshifter) (D:13)
  2 bog bodies
  13 blink frogs
  18 jumping spiders
  4 basilisks (Lair:7)
  4 raiju (Abyss:4)
  12 slime creatures
  3 boulder beetles
  8 fire drakes
  A stone giant simulacrum (Vaults:2)
  A vampire (Vaults:3)
  2 shadows
  15 tarantellas
  9 grizzly bears (Lair:8)
  2 spriggans
  19 trapdoor spiders
  4 ynoxinuls
  4 hogs (Swamp:5)
  30 redbacks
  15 deep elf magi
  A human (shapeshifter) (Vaults:5)
  A hill giant zombie (D:14)
  2 dire elephant simulacra (IceCv)
  6 wyverns
  3 elephant slugs (Lair:8)
  3 sharks
  57 yaks
  23 deep elf fighters
  15 hippogriffs
  9 vampire mosquitoes (Vaults:3)
  An elf skeleton (Vaults:4)
  2 wraiths
  19 humans (D:13)
  4 neqoxecs
  17 ugly things
  3 iron troll simulacra (IceCv)
  A soldier ant (D:11)
  Menkaure (D:5)
  24 wolves
  A hydra simulacrum (Abyss:4)
  6 wargs
  17 water moccasins
  24 swamp worms
  3 harpy simulacra (IceCv)
  14 orc warriors
  9 porcupines
  9 small abominations
  13 spiders
  7 black bears
  5 hell hounds
  2 phantoms
  6 ice beasts
  12 swamp drakes
  A slave (D:8)
  An ettin simulacrum (IceCv)
  15 starcursed masses
  35 ogres
  12 crocodiles
  13 centaurs
  5 yellow wasps
  A giant goldfish (D:10)
  A lost soul (Elf:3)
  4 brain worms (Lair:8)
  3 big kobolds
  8 giant slugs
  14 giant frogs
  2 earth elementals
  3 human simulacra
  A scorpion (Spider:3)
  5 killer bees
  9 wights
  3 electric eels
  A goliath beetle (D:13)
  A troll skeleton (D:8)
  2 crimson imps
  2 giant frog zombies
  10 human zombies
  8 orc wizards
  A centaur zombie (D:8)
  A centaur skeleton (D:4)
  An elf zombie (D:15)
  3 orc priests
  16 hounds
  6 worker ants
  A quasit (D:9)
  Natasha (twice) (D:5)
  A two-headed ogre skeleton (D:12)
  9 iguanas
  A killer bee zombie (D:5)
  19 sheep
  An ogre skeleton (D:9)
  A mummy (D:11)
  16 adders
  37 green rats
  An orc zombie (D:13)
  4 gnolls
  2 shadow imps
  A giant mite (Spider:2)
  13 white imps
  25 worms
  5 ufetubi
  An adder skeleton (D:4)
  A giant eyeball (D:10)
  2 oozes
  74 orcs
  14 hobgoblins
  27 jackals
  9 quokkas
  12 bats
  8 giant geckos
  2 giant newts
  13 goblins
  A jackal skeleton (D:4)
  24 kobolds
  A kobold skeleton (D:4)
  14 rats
  A ballistomycete (D:10)
  A briar patch (Abyss:1)
  A crawling corpse (Vaults:5)
  A fungus (Lair:6)
  4 plants
  2 starspawn tentacles (Abyss:2)
1559 creatures vanquished.

Vanquished Creatures (collateral kills)
  A dire elephant (Abyss:4)
  An orb spider (Spider:1)
  A wolf spider (Spider:5)
  An adder (Lair:8)
4 creatures vanquished.

Vanquished Creatures (others)
  A tengu skeleton (Vaults:4)
  A two-headed ogre (Vaults:4)
  4 trapdoor spiders
  A ynoxinul (Abyss:3)
  A redback (Spider:1)
  2 fire elementals
  A deep elf mage (Vaults:3)
  12 spiders
  A swamp drake (Swamp:5)
  A lost soul (Vaults:4)
  2 giant mites (Spider:1)
  An orc (Elf:3)
  A jackal (Lair:4)
  2 giant spores (D:10)
  4 fungi
  7 plants
  10 starspawn tentacles
  26 starspawn tentacle segments
78 creatures vanquished.

Grand Total: 1641 creatures vanquished

Notes
Turn   | Place    | Note
--------------------------------------------------------------
     0 | D:1      | 4tharraofdagon, the Ghoul Monk, began the quest for the Orb.
     0 | D:1      | Reached XP level 1. HP: 19/19 MP: 1/1
   126 | D:3      | Reached XP level 2. HP: 25/25 MP: 2/2
   153 | D:3      | Found a shimmering altar of Xom.
   402 | D:4      | Reached skill level 5 in Unarmed Combat
   402 | D:4      | Reached XP level 3. HP: 14/33 MP: 3/3
   431 | D:4      | Found a burning altar of Makhleb.
   438 | D:4      | Reached XP level 4. HP: 35/40 MP: 3/3
   556 | D:5      | Entered Level 5 of the Dungeon
   575 | D:5      | Reached skill level 6 in Unarmed Combat
   595 | D:5      | Noticed Natasha
   603 | D:5      | Killed Natasha
   603 | D:5      | Reached XP level 5. HP: 20/47 MP: 4/4
   621 | D:5      | Noticed Menkaure
   687 | D:5      | Noticed Natasha
   695 | D:5      | Killed Natasha
   775 | D:5      | Found Xeakat's Jewellery Shoppe.
   806 | D:5      | Found Siawam's Magic Scroll Boutique.
   835 | D:5      | Reached XP level 6. HP: 44/55 MP: 5/5
   910 | D:5      | Bought a scroll of identify for 28 gold pieces
   929 | D:5      | Killed Menkaure
   929 | D:5      | Reached skill level 5 in Fighting
   929 | D:5      | Reached skill level 7 in Unarmed Combat
   949 | D:5      | Found a staircase to the Ecumenical Temple.
   959 | Temple   | Entered the Ecumenical Temple
   971 | Temple   | Became a worshipper of Cheibriados the Contemplative
  1078 | D:6      | Reached skill level 1 in Invocations
  1078 | D:6      | Reached XP level 7. HP: 61/61 MP: 5/6
  1166 | D:6      | Reached skill level 1 in Armour
  1395 | D:7      | Reached skill level 8 in Unarmed Combat
  1530 | D:8      | Reached XP level 8. HP: 70/70 MP: 8/10
  1559 | D:8      | Noticed a hippogriff
  1574 | D:8      | Killed a hippogriff
  1574 | D:8      | Acquired Cheibriados' first power
  1661 | D:8      | Noticed a hippogriff
  1668 | D:8      | Killed a hippogriff
  1875 | D:8      | Noticed Pikel
  1893 | D:8      | Killed Pikel
  1893 | D:8      | Reached skill level 9 in Unarmed Combat
  1893 | D:8      | Reached skill level 5 in Invocations
  1893 | D:8      | Reached XP level 9. HP: 70/78 MP: 13/15
  2003 | D:8      | Found a blossoming altar of Fedhas.
  2007 | D:8      | Noticed a five-headed hydra
  2261 | D:9      | Acquired Cheibriados' second power
  2357 | D:9      | Got a fine ruby amulet
  2399 | D:10     | Entered Level 10 of the Dungeon
  2399 | D:10     | Noticed a gargoyle
  2415 | D:10     | Killed a gargoyle
  2415 | D:10     | Reached skill level 10 in Unarmed Combat
  2470 | D:10     | Identified the amulet "Torazel" {Inacc Str+3 Int+3} (You found it on level 9 of the Dungeon)
  2485 | D:11     | Found Ihuoh's Distillery.
  2494 | D:11     | Bought a potion of might for 27 gold pieces
  2494 | D:11     | Bought a potion of might for 27 gold pieces
  2494 | D:11     | Bought a potion of paralysis for 11 gold pieces
  2494 | D:11     | Bought a potion of confusion for 11 gold pieces
  2494 | D:11     | Bought a potion of curing for 22 gold pieces
  2494 | D:11     | Bought a potion of magic for 60 gold pieces
  2494 | D:11     | Bought a potion of curing for 22 gold pieces
  2494 | D:11     | Bought a potion of decay for 22 gold pieces
  2494 | D:11     | Bought a potion of restore abilities for 33 gold pieces
  2532 | D:11     | Found Skuamewn's Book Shop.
  2575 | D:11     | Found Hooluehy's Antique Weapon Shoppe.
  2612 | D:10     | Noticed Qrupt's ghost (experienced DEIE)
  2643 | D:11     | Found Rookyex's Armour Shoppe.
  2674 | D:11     | Reached XP level 10. HP: 66/86 MP: 18/18
  2694 | D:11     | Noticed a hill giant
  2878 | D:10     | Found a deep blue altar of Sif Muna.
  2890 | D:9      | Found a staircase to the Orcish Mines.
  2945 | D:10     | Killed an unseen horror
  2945 | D:10     | Reached skill level 5 in Dodging
  2945 | D:10     | Reached skill level 1 in Evocations
  2973 | D:10     | Noticed a griffon
  2982 | D:10     | Killed a griffon
  3130 | D:10     | Killed Qrupt's ghost
  3130 | D:10     | Reached skill level 11 in Unarmed Combat
  3182 | D:10     | Found Ysatoil's Distillery.
  3192 | D:10     | Bought a potion of curing for 22 gold pieces
  3192 | D:10     | Bought a potion of curing for 22 gold pieces
  3192 | D:10     | Bought a potion of curing for 22 gold pieces
  3192 | D:10     | Bought a potion of curing for 22 gold pieces
  3235 | D:10     | Paralysed by a giant eyeball for 4 turns
  3238 | D:10     | Noticed a hill giant
  3243 | D:10     | Killed a hill giant
  3243 | D:10     | Reached skill level 5 in Armour
  3243 | D:10     | Reached XP level 11. HP: 41/94 MP: 21/21
  3297 | D:11     | Killed a hill giant
  3306 | D:11     | Found a staircase to the Lair.
  3306 | D:11     | Noticed a fire drake
  3312 | D:11     | Killed a fire drake
  3385 | D:11     | Noticed a kobold demonologist
  3396 | D:11     | Killed a kobold demonologist
  3476 | Lair:1   | Entered Level 1 of the Lair of Beasts
  3611 | Lair:1   | Got a pair of warped gloves
  3712 | Lair:1   | Found a labyrinth entrance.
  3742 | Lab      | Entered a labyrinth
  3793 | Lab      | Noticed a minotaur
  3801 | Lab      | Killed a minotaur
  3817 | Lab      | Got a twitching steel ring
  3840 | Lair:1   | Identified the +1 pair of gloves of the Evening Star {Str+1} (You found it on level 1 of the Lair of Beasts)
  3880 | Lair:1   | Noticed a five-headed hydra
  3908 | Lair:2   | Acquired Cheibriados' third power
  3964 | Lair:2   | Identified the ring of Incredulity {-Cast Str+3} (You found it in a labyrinth)
  4010 | Lair:3   | Noticed Rupert
  4026 | Lair:3   | Killed Rupert
  4026 | Lair:3   | Reached skill level 12 in Unarmed Combat
  4026 | Lair:3   | Reached skill level 1 in Spellcasting
  4071 | Lair:3   | Reached XP level 12. HP: 86/103 MP: 24/24
  4079 | Lair:3   | Reached skill level 10 in Invocations
  4249 | Lair:3   | Found a staircase to the Swamp.
  4444 | Lair:4   | Noticed a six-headed hydra
  4451 | Lair:4   | Noticed a minotaur
  4451 | Lair:4   | a six-headed hydra changed into a minotaur
  4454 | Lair:4   | Noticed a five-headed hydra
  4459 | Lair:4   | Killed a minotaur
  4592 | Lair:5   | Noticed a seven-headed hydra
  4594 | Lair:5   | a seven-headed hydra changed into something unseen
  4896 | Lair:5   | Killed a ghost moth
  5031 | Lair:6   | Reached skill level 13 in Unarmed Combat
  5111 | Lair:7   | Noticed a four-headed hydra
  5130 | Lair:7   | Killed a four-headed hydra
  5200 | Lair:7   | Noticed a four-headed hydra
  5239 | Lair:7   | Noticed a six-headed hydra
  5289 | Lair:7   | a four-headed hydra changed into something unseen
  5302 | Lair:7   | Killed a ghost moth
  5302 | Lair:7   | Reached XP level 13. HP: 47/113 MP: 0/25
  5321 | Lair:7   | Noticed a seven-headed hydra
  5324 | Lair:8   | Entered Level 8 of the Lair of Beasts
  5578 | Lair:8   | Reached skill level 10 in Fighting
  5583 | Lair:8   | Reached skill level 14 in Unarmed Combat
  5728 | Lair:8   | Got a polished great mace
  5762 | Lair:8   | Identified the +5,+11 great mace "Tuuttuc" {elec, rF+ MR+ Str-2} (You found it on level 8 of the Lair of Beasts)
  6341 | Lair:8   | Reached XP level 14. HP: 98/122 MP: 26/26
  6414 | Lair:8   | Reached skill level 15 in Unarmed Combat
  6618 | Lair:7   | Killed a six-headed hydra
  6707 | Lair:7   | Noticed a seven-headed hydra
  6715 | Lair:7   | Killed a seven-headed hydra
  6836 | Lair:7   | Found a staircase to the Slime Pits.
  6837 | Lair:7   | Found a viscous altar of Jiyva.
  7200 | Lair:4   | Killed a five-headed hydra
  7241 | Swamp:1  | Entered Level 1 of the Swamp
  7436 | Swamp:1  | Noticed Agnes
  7439 | Swamp:1  | Killed Agnes
  7439 | Swamp:1  | Reached skill level 16 in Unarmed Combat
  7488 | Swamp:3  | Noticed Aizul
  7491 | Swamp:4  | Found a frozen archway.
  7528 | IceCv    | Entered an ice cave
  7710 | IceCv    | Reached skill level 10 in Dodging
  7859 | IceCv    | Reached XP level 15. HP: 107/131 MP: 27/27
  7978 | IceCv    | Noticed an Ice Fiend
  7992 | IceCv    | Killed an Ice Fiend
  8084 | IceCv    | Got a pitted plate armour
  8148 | IceCv    | Identified the +8 plate armour of Rifamif {rElec rF+} (You found it in an ice cave)
  8284 | Swamp:5  | Entered Level 5 of the Swamp
  8446 | Swamp:5  | Noticed a thorn hunter
  8464 | Swamp:5  | Killed a thorn hunter
  8530 | Swamp:5  | Reached skill level 10 in Armour
  8577 | Swamp:5  | Reached skill level 17 in Unarmed Combat
  8724 | Swamp:5  | Noticed the 27-headed Lernaean hydra
  8732 | Swamp:5  | Killed the 27-headed Lernaean hydra
  8789 | Swamp:5  | Got a decaying rune of Zot
  8942 | Swamp:3  | Killed Aizul
  9267 | Lair:5   | Noticed a death yak
  9268 | Lair:5   | Noticed a death yak
  9269 | Lair:5   | Noticed a death yak
  9275 | Lair:5   | Killed a death yak
  9275 | Lair:5   | Reached XP level 16. HP: 128/143 MP: 27/27
  9281 | Lair:5   | Killed a death yak
  9287 | Lair:5   | Killed a death yak
  9704 | Lair:4   | Found a hole to the Spider Nest.
  9712 | Spider:1 | Entered Level 1 of the Spider Nest
  9737 | Spider:1 | Noticed Asterion
  9744 | Spider:1 | Noticed Sonja
  9745 | Spider:1 | Cast into the Abyss (Asterion)
  9820 | Abyss:1  | Reached skill level 18 in Unarmed Combat
  9862 | Abyss:1  | Noticed a bone dragon
  9899 | Abyss:2  | Found a corrupted altar of Lugonu.
  9997 | Abyss:2  | Noticed a tentacled starspawn
  9997 | Abyss:2  | Noticed a tentacled starspawn
 10009 | Abyss:2  | Killed a tentacled starspawn
 10016 | Abyss:2  | Killed a tentacled starspawn
 10057 | Abyss:2  | Noticed a tentacled starspawn
 10061 | Abyss:2  | Killed a tentacled starspawn
 10119 | Abyss:3  | Found a bloodstained altar of Trog.
 10301 | Abyss:3  | Noticed a tentacled starspawn
 10321 | Abyss:3  | Killed a tentacled starspawn
 10345 | Abyss:3  | Identified a scroll of acquirement
 10351 | Abyss:3  | Noticed a lich
 10359 | Abyss:3  | Killed a lich
 10418 | Abyss:3  | Found an iron altar of Okawaru.
 10422 | Abyss:4  | Found a corrupted altar of Lugonu.
 10514 | Abyss:4  | Reached skill level 5 in Evocations
 10574 | Abyss:4  | Noticed a bone dragon
 10594 | Abyss:4  | Killed a bone dragon
 10594 | Abyss:4  | Reached skill level 19 in Unarmed Combat
 10605 | Abyss:4  | Identified the Reference Book on Beguiling (You found it on level 4 of the Abyss)
 10711 | Abyss:4  | Reached XP level 17. HP: 52/152 MP: 17/28
 10776 | Abyss:4  | Noticed a hellephant
 10781 | Abyss:4  | Got an abyssal rune of Zot
 10787 | Spider:1 | Escaped the Abyss
 10788 | Spider:1 | FU
 10800 | Spider:1 | Upgraded the game from 0.14.0-24-gfb45beb to 0.14.0-25-g43f8a4e
 11417 | Spider:5 | Entered Level 5 of the Spider Nest
 11494 | Spider:5 | Noticed Arachne
 11504 | Spider:5 | Killed Arachne
 11777 | Spider:5 | Reached skill level 20 in Unarmed Combat
 12095 | Spider:5 | Got a gossamer rune of Zot
 12278 | Spider:4 | Reached XP level 18. HP: 155/162 MP: 23/29
 12366 | Spider:3 | Reached skill level 15 in Fighting
 12708 | Lair:2   | Noticed Harold
 12723 | Lair:2   | Killed Harold
 12817 | Lair:1   | Killed a five-headed hydra
 12924 | Orc:1    | Entered Level 1 of the Orcish Mines
 12946 | Orc:1    | Reached skill level 1 in Shields
 13016 | D:11     | Bought a manual of Unarmed Combat for 1656 gold pieces
 13165 | D:5      | Bought the ring "Vuocs" {Wiz Dex+2 Int+4} for 496 gold pieces
 13165 | D:5      | Bought a cursed ring of teleportation for 145 gold pieces
 13171 | D:5      | Bought a cursed -2 ring of protection for 20 gold pieces
 13384 | Orc:3    | Found a staircase to the Elven Halls.
 13391 | Orc:4    | Entered Level 4 of the Orcish Mines
 13542 | Orc:4    | Found a burning altar of Makhleb.
 13586 | Orc:3    | Found Edoam's Assorted Antiques.
 13601 | Orc:3    | Bought a scroll of magic mapping for 122 gold pieces
 13601 | Orc:3    | Bought a potion of curing for 70 gold pieces
 13854 | Orc:4    | Reached skill level 21 in Unarmed Combat
 13890 | Orc:4    | Found Pacudooc's Gadget Shoppe.
 13910 | Orc:4    | Found Peletorr's Antique Weapon Emporium.
 13920 | Orc:4    | Found Kliurghou's Assorted Antiques.
 13935 | Orc:4    | Found Kabliasa's Armour Shoppe.
 13961 | Orc:4    | Bought a +2 large shield of protection for 215 gold pieces
 13961 | Orc:4    | Bought a +0 helmet of intelligence for 115 gold pieces
 13994 | Orc:4    | Bought a scroll of identify for 52 gold pieces
 13994 | Orc:4    | Bought a purple potion for 23 gold pieces
 14066 | Elf:1    | Entered Level 1 of the Elven Halls
 14115 | Elf:3    | Entered Level 3 of the Elven Halls
 14200 | Elf:3    | Found a flickering gateway to a bazaar.
 14255 | Bazaar   | Entered a bazaar
 14259 | Bazaar   | Found Dyham's Jewellery Boutique.
 14277 | Bazaar   | Found Manluu's Jewellery Emporium.
 14294 | Bazaar   | Found Qiaxzius' Magic Scroll Boutique.
 14311 | Bazaar   | Found Grot's Antique Weapon Shoppe.
 14363 | Bazaar   | Bought a scroll of blinking for 120 gold pieces
 14363 | Bazaar   | Bought a scroll of identify for 32 gold pieces
 14635 | Elf:3    | Reached skill level 22 in Unarmed Combat
 14673 | Elf:3    | Cast into the Abyss (deep elf sorcerer)
 14673 | Abyss:1  | Found a corrupted altar of Lugonu.
 14680 | Abyss:1  | Found a blossoming altar of Fedhas.
 14688 | Abyss:1  | Noticed a thorn hunter
 14693 | Abyss:1  | Killed a thorn hunter
 14735 | Abyss:1  | Noticed an Executioner
 14749 | Abyss:1  | Killed an Executioner
 14756 | Abyss:1  | Reached skill level 5 in Shields
 14758 | Elf:3    | Escaped the Abyss
 15122 | Elf:3    | Got a sparkling glass ring
 15143 | Elf:3    | Identified the ring "Baefee" {+/*Tele rPois MR++ Stlth++} (You took it off a deep elf annihilator on level 3 of the Elven Halls)
 15163 | Elf:3    | Reached XP level 19. HP: 170/170 MP: 29/29
 15170 | Elf:3    | Got an ancient wooden ring
 15188 | Elf:3    | Identified the Compendium of Attacks and Weightlessness
 15209 | Elf:3    | Cast into the Abyss (spectral elf)
 15239 | Elf:3    | Escaped the Abyss
 15292 | Elf:3    | Identified the ring "Rasococ" {rN+ Str+2 Dex-1} (You took it off a deep elf annihilator on level 3 of the Elven Halls)
 15457 | Elf:3    | Reached skill level 23 in Unarmed Combat
 15689 | Orc:3    | Learned a level 1 spell: Apportation
 15730 | Orc:1    | Found Peofoumegue's Antique Weapon Emporium.
 15958 | D:12     | Noticed a hill giant
 15967 | D:12     | Killed a hill giant
 16024 | D:13     | Reached skill level 1 in Translocations
 16232 | D:14     | Found a flagged portal.
 16243 | Bailey   | Entered a bailey
 16272 | Bailey   | Found a bloodstained altar of Trog.
 16356 | D:14     | Noticed Erica
 16366 | D:14     | Killed Erica
 16406 | D:15     | Entered Level 15 of the Dungeon
 16534 | D:15     | Noticed Frances
 16549 | D:15     | Killed Frances
 16670 | D:14     | Learned a level 3 spell: Conjure Flame
 16754 | D:13     | Got a pair of polished gloves
 16758 | D:13     | Identified the +1 pair of gloves of the Assorted Ghosts {Str-3 Dam+3} (You acquired it on level 13 of the Dungeon)
 17068 | D:13     | Found a gate to the Vaults.
 17093 | Vaults:1 | Entered Level 1 of the Vaults
 17093 | Vaults:1 | Noticed Donald
 17109 | Vaults:1 | Killed Donald
 17127 | Vaults:1 | Paralysed by a great orb of eyes for 5 turns
 17192 | Vaults:1 | Noticed Nikola
 17209 | Vaults:1 | Killed Nikola
 17215 | Vaults:1 | Identified a +0 cloak of preservation (You took it off Nikola on level 1 of the Vaults)
 17389 | Vaults:1 | Reached skill level 5 in Spellcasting
 17611 | Vaults:2 | Reached skill level 24 in Unarmed Combat
 17654 | Vaults:2 | Reached XP level 20. HP: 164/178 MP: 30/30
 17899 | Vaults:3 | Reached skill level 5 in Translocations
 18000 | Vaults:3 | Found a staircase to the Crypt.
 18332 | Vaults:3 | Got a crude silver ring
 18333 | Vaults:3 | Identified the ring "Mnededgh" {rC+ Str+5 Dex+3} (You found it on level 3 of the Vaults)
 18339 | Vaults:3 | Noticed Xtahua
 18350 | Vaults:3 | Killed Xtahua
 18350 | Vaults:3 | Reached skill level 10 in Shields
 18604 | Vaults:4 | Noticed a golden dragon
 18623 | Vaults:4 | Killed a golden dragon
 18680 | Vaults:4 | Reached skill level 25 in Unarmed Combat
 18772 | Vaults:4 | Noticed a golden dragon
 18778 | Vaults:4 | Killed a golden dragon
 18826 | Vaults:4 | Reached XP level 21. HP: 178/184 MP: 31/31
 18874 | Vaults:4 | Identified the Collected Works on Stones (You found it on level 4 of the Vaults)
 18940 | Vaults:4 | Learned a level 4 spell: Sticky Flame
 19011 | Vaults:4 | Got a vibrating platinum ring
 19014 | Vaults:4 | Identified the ring "Ososhietto" {+Fly rF++ SInv} (You found it on level 4 of the Vaults)
 19452 | Vaults:5 | Entered Level 5 of the Vaults
 19457 | Vaults:5 | Reached skill level 26 in Unarmed Combat
 19624 | Vaults:5 | Noticed a golden dragon
 19641 | Vaults:5 | Killed a golden dragon
 19648 | Vaults:5 | HP: 2/184 [titan (25)]
 19649 | Vaults:5 | Slain by a sphinx

Action                   |  1- 3 |  4- 6 |  7- 9 | 10-12 | 13-15 | 16-18 | 19-21 || total
-------------------------+-------+-------+-------+-------+-------+-------+-------++-------
Melee: Unarmed           |    57 |   105 |   263 |   505 |  1083 |  1324 |  1250 ||  4587
Throw: Throwing net      |       |     1 |       |     2 |       |     1 |       ||     4
 Cast: Apportation       |       |       |       |       |       |       |    21 ||    21
Invok: Slouch            |       |       |       |     6 |    22 |    19 |    22 ||    69
       Temporal Distorti |       |       |       |     2 |     1 |     7 |    10 ||    20
 Abil: Evoke Flight      |       |       |       |       |     2 |     5 |       ||     7
       Stop Flying       |       |       |       |       |       |     2 |       ||     2
       Evoke Teleportati |       |       |       |       |       |       |     1 ||     1
Evoke: Wand              |       |     1 |    11 |    34 |    27 |    32 |     1 ||   106
       Sack of spiders   |       |       |       |     3 |       |    11 |       ||    14
       Lamp of fire      |       |       |       |       |       |     2 |       ||     2
  Use: Scroll            |       |     3 |     8 |    15 |    15 |    20 |    19 ||    80
       Potion            |       |       |       |     4 |     1 |    15 |     2 ||    22
 Stab: Held in net/web   |       |     1 |       |       |       |     2 |       ||     3
       Distracted        |       |       |       |     2 |       |     3 |       ||     5
       Sleeping          |       |       |       |     3 |     5 |       |       ||     8
       Paralysed         |       |       |       |     3 |       |       |       ||     3
       Invisible         |       |       |       |       |       |     7 |       ||     7
